 Dungeon Crawl Stone Soup version 0.20-a0-454-g2b43fbb (webtiles) character file.

108 HarleyQuinn the Chiller (level 4, 0/30 HPs)
             Began as a Demonspawn Ice Elementalist on Jan 9, 2017.
             Killed by Olgreb's Toxic Radiance
             ... invoked by varedna's ghost
              (3 damage)
             ... in a sewer.
             The game lasted 00:05:13 (3292 turns).

HarleyQuinn the Chiller (DsIE)                      Turns: 3292, Time: 00:05:14

Health: 0/30       AC:  4    Str: 14    XL:     4   Next: 58%
Magic:  8/8        EV: 12    Int: 17    God:
Gold:   70         SH:  0    Dex: 13    Spells: 8/9 levels left

rFire  . . .     SeeInvis +     p - +1 spear (pierce)
rCold  . . .     Gourm    .     a - +0 robe
rNeg   . . .     Faith    .     (no shield)
rPois  .         Spirit   .     (helmet restricted)
rElec  .         Reflect  .     (no cloak)
rCorr  .         Harm     .     (no gloves)
MR     .....                    (no boots)
Stlth  +.........               (no amulet)
                                (no ring)
                                q - ring of see invisible

@: mighty, lethally poisoned (0 -> -30)
A: antennae 1, thin metallic scales 1, powered by death 1
a: no special abilities


You were in a sewer.
You were hungry.

You visited 1 branch of the dungeon, and saw 3 of its levels.
You also visited: Sewer.

You collected 70 gold pieces.

Inventory:

Hand Weapons
 n - a +0 short sword
 p - a +1 spear of piercing (weapon)
Armour
 a - a +0 robe (worn)
Jewellery
 q - a ring of see invisible (left hand)
Scrolls
 f - 2 scrolls of identify {unknown}
 h - 2 scrolls of teleportation {unknown}
 j - a scroll of amnesia {unknown}
 r - a scroll of noise {unknown}
 s - a scroll of random uselessness {unknown}
Potions
 d - a potion of ambrosia {unknown}
 e - a potion of degeneration {unknown}
 g - a potion of might
 k - a potion of haste {unknown}
 m - 2 potions of curing
 o - a potion of heal wounds
 u - a potion of brilliance {unknown}
 v - a potion of flight {unknown}
 w - a potion of agility {unknown}
Books
 b - a book of Frost

   Spells                             Type                      Level
   a - Freeze                         Ice                          1
   b - Throw Frost                    Conjuration/Ice              2
   c - Ozocubu's Armour               Charms/Ice                   3
   d - Throw Icicle                   Conjuration/Ice              4
   e - Summon Ice Beast               Ice/Summoning                4
Comestibles
 c - a bread ration
 i - a slice of pizza
 l - a beef jerky


   Skills:
 - Level 1.7 Dodging
 - Level 1.7 Stealth
 - Level 3.0 Spellcasting
   Level 1.0 Conjurations
 + Level 4.3 Ice Magic


You had 8 spell levels left.
You knew the following spells:

 Your Spells              Type           Power        Failure   Level  Hunger
a - Freeze                Ice            ###.         2%          1    None


Dungeon Overview and Level Annotations

Branches:
Dungeon (3/15)

Altars:
Trog
Zin

Shops:
D:2 *

Annotations:
Sewer varedna's ghost, novice NaVM


Innate Abilities, Weirdness & Mutations

You have a pair of small antennae on your head.
You are partially covered in thin metallic scales. (AC +2)
You regenerate a little health from kills.


Message History

Varedna's ghost begins to radiate toxic energy.
Your unstable footing causes you to fumble your attack.
You feel sick.
You are lethally poisoned!
Varedna's ghost points at you and mumbles some strange words.
The sting hits you!
You are more poisoned.
Your unstable footing causes you to fumble your attack.
You feel sick.
You are more poisoned. x2
Varedna's ghost hits you.
* * * LOW HITPOINT WARNING * * *
Varedna's ghost points at you and mumbles some strange words.
The sting hits you!
You are more poisoned.
* * * LOW HITPOINT WARNING * * *
Your unstable footing causes you to fumble your attack.
* * * LOW HITPOINT WARNING * * *
You feel very sick.
You die...

....... ...# .......#...##
............##. ...............
.....P≈≈≈...... ≈. .≈≈≈≈≈≈≈≈P≈≈≈..
≈≈≈ .P≈≈≈≈≈≈≈≈≈≈≈.. #≈≈≈
#####≈†≈≈########## ≈≈≈≈
≈≈≈≈≈≈≈≈@≈≈≈≈≈≈≈≈≈≈ ≈≈≈≈
≈≈≈≈≈≈≈≈≈W≈≈≈≈≈≈≈≈≈ ≈≈≈≈
≈≈≈≈≈≈≈≈≈≈≈≈≈≈≈≈≈≈≈
##########≈#≈#######≈##############
........≈≈≈≈≈≈P..P≈P≈≈P≈P.≈≈≈#....#
.........≈≈≈P≈...≈≈≈≈≈≈....≈≈'..∩.#
..........≈.≈.......≈≈P...≈≈.'))..#
.............................#....#
............................#######


You could see varedna's ghost.

Vanquished Creatures
  An iguana (D:3)
  An adder (D:2)
  A worm (D:2)
  8 leopard geckos
  3 ball pythons (Sewer)
  7 giant cockroaches
  5 hobgoblins
  12 kobolds
  8 bats
  5 frilled lizards
  4 goblins
  6 rats
61 creatures vanquished.

Notes
Turn   | Place    | Note
-------+----------+-------------------------------------------
     0 | D:1      | HarleyQuinn the Demonspawn Ice Elementalist began the quest for the Orb.
     0 | D:1      | Reached XP level 1. HP: 13/13 MP: 3/3
   399 | D:1      | Gained mutation: You have a pair of small antennae on your head. [demonic ancestry]
   399 | D:1      | Reached XP level 2. HP: 14/19 MP: 2/5
  1350 | D:2      | Reached skill level 3 in Ice Magic
  1521 | D:2      | Gained mutation: You are partially covered in thin metallic scales. (AC +2) [demonic ancestry]
  1521 | D:2      | Reached XP level 3. HP: 18/24 MP: 7/7
  2059 | D:2      | Found a bloodstained altar of Trog.
  2344 | D:2      | Found Zin's Purification Station.
  2346 | D:2      | Found a glowing silver altar of Zin.
  2629 | D:3      | Gained mutation: You regenerate a little health from kills. [demonic ancestry]
  2629 | D:3      | Reached XP level 4. HP: 18/30 MP: 3/8
  2819 | D:3      | Reached skill level 4 in Ice Magic
  2841 | D:3      | Found a glowing drain.
  2873 | Sewer    | Entered a sewer
  3283 | Sewer    | Noticed varedna's ghost (novice NaVM)
  3292 | Sewer    | Killed from afar by varedna's ghost

Vault maps used:
D:1:      minmay_arrival_four_houses
D:2:      zin_purify, lemuel_doored_altar
D:3:      gup_sewer_entry_pipe
Sewer:    kennysheep_pipe_town

Skill      XL: |  1  2  3  4 |
---------------+-------------+-----
Spellcasting   | 3 |  3.0
Ice Magic      | 3 4 |  4.3
Dodging        | |  1.7
Stealth        | |  1.7
Conjurations   | |  1.0

Action                   |  1- 3 |  4- 6 || total
-------------------------+-------+-------++-------
Melee: Unarmed           |    79 |       ||    79
       Short sword       |    14 |       ||    14
       Spear             |    17 |    56 ||    73
 Cast: Freeze            |    34 |    15 ||    49
  Use: Potion            |       |     3 ||     3
 Stab: Sleeping          |     3 |     1 ||     4
  Eat: Chunk             |     4 |     3 ||     7
Armor: Robe              |    41 |    31 ||    72
Dodge: Dodged            |   105 |    58 ||   163
